 Dungeon Crawl Stone Soup version 0.18-a0-824-g47fe746 (webtiles) character file.

23 Duffy the Digger (level 3, -2/24 HPs)
             Began as a Formicid Earth Elementalist on Dec 18, 2015.
             Slain by a hobgoblin
             ... wielding a +0 club
              (5 damage)
             ... on level 1 of the Dungeon.
             The game lasted 00:02:27 (1370 turns).

Duffy the Digger (Formicid Earth Elementalist)      Turns: 1370, Time: 00:02:28

Health: -2/24      AC:  2    Str: 12    XL:     3   Next: 10%
Magic:  1/6        EV: 12    Int: 15    God:
Gold:   65         SH:  0    Dex: 11    Spells: 3 memorised, 1 level left

rFire  . . .     SeeInvis +     (no weapon)
rCold  . . .     Gourm    .     a - +0 robe
rNeg   . . .     Faith    .     (no shield)
rPois  .         Spirit   .     (helmet unavailable)
rElec  .         Dismiss  .     (no cloak)
rCorr  .         Reflect  .     (no gloves)
SustAt .         Harm     .     (no boots)
MR     .....     Stasis   +     (no amulet)
Stlth  ++........               (no ring)
                                (no ring)

@: not resistant to hostile enchantments, unstealthy
A: permanent stasis, dig shafts and tunnels, four strong arms, antennae 3
a: Dig, Shaft Self


You were on level 1 of the Dungeon.
You were not hungry.

You visited 1 branch of the dungeon, and saw 2 of its levels.

You collected 65 gold pieces.


Innate Abilities, Weirdness & Mutations

You are under a permanent stasis effect.
You can dig through walls and to a lower floor.
Your four strong arms can wield two-handed weapons with a shield.
You have a pair of large antennae on your head (SInv).


   Skills:
 - Level 1.7 Dodging
 - Level 2.4 Stealth
 + Level 2.6 Spellcasting
 - Level 1.1 Transmutations
 * Level 4.5 Earth Magic


You had one spell level left.
You knew the following spells:

 Your Spells              Type           Power        Failure   Level  Hunger
a - Sandblast             Erth           ###...       3%          1    #......
j - Stone Arrow           Conj/Erth      #.....       30%         3    ###....
w - Stoneskin             Trmt/Erth      ##......     12%         2    ###....

Inventory:

Missiles
 b - 42 stones (quivered)
 j - 5 poisoned needles
Armour
 a - a +0 robe (worn)
Scrolls
 f - 2 scrolls of noise {unknown}
 h - a scroll of fog {unknown}
 i - 3 scrolls of identify {unknown}
Potions
 e - a potion of invisibility {unknown}
 g - a potion of flight {unknown}
 k - a potion of degeneration {unknown}
Books
 c - a book of Geomancy
Comestibles
 d - a bread ration

Dungeon Overview and Level Annotations

Branches:
Dungeon (2/15)

Altars:


Message History

The hobgoblin barely misses you. The hobgoblin barely misses you.
You climb upwards.
There is a stone staircase leading down here.
Cast which spell? (? or * to list)
Aiming: Sandblast
Press: ? - help, Shift-Dir - straight line, f - hobgoblin
Aim: a hobgoblin, wielding a club (almost dead)
The blast of sand misses the hobgoblin.
The hobgoblin misses you.
Cast which spell? (? or * to list)
Aiming: Sandblast
Press: ? - help, Shift-Dir - straight line, f/p - hobgoblin
Aim: a hobgoblin, wielding a club (severely wounded)
The blast of sand misses the hobgoblin.
The hobgoblin hits you but does no damage.
The hobgoblin hits you but does no damage.
Cast which spell? (? or * to list)
Aiming: Sandblast
Press: ? - help, Shift-Dir - straight line, f/p - hobgoblin
Aim: a hobgoblin, wielding a club (severely wounded)
The blast of sand hits the hobgoblin.
The hobgoblin is almost dead.
The hobgoblin barely misses you. The hobgoblin barely misses you.
The hobgoblin hits you with a club. The hobgoblin hits you with a club.
The hobgoblin hits you with a club. The hobgoblin barely misses you.
The hobgoblin hits you but does no damage.
The hobgoblin hits you with a club.
The hobgoblin hits you but does no damage.
The hobgoblin misses you. The hobgoblin hits you with a club.
The hobgoblin hits you with a club.
You die...

#.......#########
#.####### #.# #.#
#.# #######.#
#.....#.#
###########.###.#g#
...).....##.# #.@.#
######.####.# #####
#......# ######.#
###


You could see a hobgoblin.

Action                   || total
-------------------------++-------
 Cast: Sandblast         ||    50
  Eat: Chunk             ||     2

Notes
Turn   | Place    | Note
--------------------------------------------------------------
     0 | D:1      | Duffy the Formicid Earth Elementalist began the quest for the Orb.
     0 | D:1      | Reached XP level 1. HP: 13/13 MP: 3/3
   266 | D:1      | Reached XP level 2. HP: 13/19 MP: 0/5
   455 | D:1      | Learned a level 2 spell: Stoneskin
   462 | D:1      | Reached skill level 4 in Earth Magic
  1098 | D:1      | Reached XP level 3. HP: 24/24 MP: 0/6
  1244 | D:1      | Learned a level 3 spell: Stone Arrow
  1370 | D:1      | Slain by a hobgoblin

Vault maps used:
D:1:      dpeg_arrival_connections, minivault_19
D:2:      minitemple, overflow_temple_1_default, st_stairs_12,
          grunt_ministairs_8, elyvilon_altar_1, uniq_sigmund

Vanquished Creatures
  A giant cockroach
  5 goblins
  4 hobgoblins
  2 bats
  3 giant newts
  3 kobolds
  5 rats
23 creatures vanquished.
